 Dungeon Crawl Stone Soup version 0.19.5 (webtiles) character file.

548 Monsterracer the Shooter (level 7, -1/46 HPs)
             Began as a High Elf Hunter on July 6, 2017.
             Slain by a sky beast (6 damage)
             ... on level 5 of the Dungeon.
             The game lasted 00:17:43 (6956 turns).

Monsterracer the Shooter (High Elf Hunter)          Turns: 6956, Time: 00:17:44

Health: -1/46      AC: 11    Str: 15    XL:     7   Next: 7%
Magic:  8/8        EV: 13    Int: 15    God:
Gold:   280        SH:  0    Dex: 18    Spells: 0 memorised, 6 levels left

rFire  x . .     SeeInvis .     u - +3 falchion of Modesty {holy, +Rage rF- rN+ Str+4}
rCold  . . .     Gourm    .     i - +0 ring mail
rNeg   + . .     Faith    .     (no shield)
rPois  .         Spirit   .     (no helmet)
rElec  .         Reflect  .     (no cloak)
rCorr  .         Harm     .     h - +2 pair of gloves
MR     .....                    m - +0 pair of boots
Stlth  +.........               s - amulet of rage
                                (no ring)
                                r - +2 ring of protection

@: no status effects
A: no striking features
a: Evoke Berserk Rage


You were on level 5 of the Dungeon.
You were hungry.

You visited 1 branch of the dungeon, and saw 5 of its levels.

You collected 280 gold pieces.

Inventory:

Hand Weapons
 a - a +1 shortbow
 b - a +0 falchion
 u - the +3 falchion of Modesty (weapon) {holy, +Rage rF- rN+ Str+4}
   (You found it on level 5 of the Dungeon)

   It has been blessed by the Shining One to cause great damage to the undead
   and demons.
   It affects your strength (+4).
   It makes you vulnerable to fire.
   It protects you from negative energy.
   It lets you go berserk.
Missiles
 d - 22 arrows
Armour
 h - a +2 pair of gloves (worn)
 i - a +0 ring mail (worn)
 m - a +0 pair of boots (worn)
Jewellery
 p - an uncursed ring of fire
 r - a +2 ring of protection (left hand)
 s - an amulet of rage (around neck)
Scrolls
 e - 5 scrolls of identify
 o - a scroll of amnesia
Potions
 c - a potion of brilliance {unknown}
 j - a potion of flight
 n - a potion of curing
Comestibles
 f - 5 bread rations
 g - a slice of pizza
 k - 4 fruits
 l - 2 meat rations
 q - a beef jerky
 t - a royal jelly


   Skills:
 + Level 3.5 Fighting
 + Level 3.4 Long Blades
 * Level 7.7 Bows
 - Level 2.1 Armour
 + Level 4.2 Dodging
 - Level 1.1 Stealth


You had 6 spell levels left.
You didn't know any spells.

Dungeon Overview and Level Annotations

Branches:
Dungeon (5/15)
 Temple: D:4-7

Altars:
Cheibriados
Elyvilon
Nemelex Xobeh
Xom

Shops:
D:4 *

Annotations:
D:4 Edmund
D:5 Eustachio


Message History

* * * LOW HITPOINT WARNING * * *
Something shocks you.
* * * LOW HITPOINT WARNING * * *
Huge Dmg: -18%(-8hp) hp: 24%(11hp)
You miss something. Something hits you.
* * * LOW HITPOINT WARNING * * *
Something shocks you.
* * * LOW HITPOINT WARNING * * *
Huge Dmg: -13%(-6hp) hp: 11%(5hp)
A sky beast appears from thin air!
Reactivating autopickup.
The sky beast flickers out of sight!
Deactivating autopickup; reactivate with Ctrl-A.
A sky beast appears from thin air!
Reactivating autopickup.
There is a stone staircase leading up here.
The sky beast hits you.
* * * LOW HITPOINT WARNING * * *
The sky beast shocks you.
You die...

#..#.# #.##....##
#..#.# #.##.....##
#..#.# #..........
#..#.######.....##
#.................
#<##.########.####
#.##§# #.# #Y##.#####
#.. #@##.....# #.##
#.######.# #.# #.>..#
#(# .# {.......# #.#
####..#.######.####.#
#..#.#...........#
#..#.........##### #.
###.####≈.# #. ...
((.#


You could see a sky beast.

Vanquished Creatures
  Blork the orc (D:4)
  A bullfrog zombie (D:5)
  A hound (D:4)
  An orc priest (D:3)
  2 orc wizards (D:4)
  Natasha (thrice) (D:3)
  An iguana (D:3)
  3 gnolls (D:4)
  8 adders
  An adder skeleton (D:4)
  3 worms
  7 dart slugs
  3 leopard geckos
  15 orcs
  6 bats
  6 giant cockroaches
  4 goblins
  7 hobgoblins
  A jackal (D:2)
  11 kobolds
  4 quokkas
  A ball python (D:4)
  5 frilled lizards (D:2)
  A quokka skeleton (D:4)
  13 rats
109 creatures vanquished.

Notes
Turn   | Place    | Note
-------+----------+-------------------------------------------
     0 | D:1      | Monsterracer the High Elf Hunter began the quest for the Orb.
     0 | D:1      | Reached XP level 1. HP: 14/14 MP: 2/2
   406 | D:1      | Reached XP level 2. HP: 9/19 MP: 3/3
  1480 | D:1      | Reached XP level 3. HP: 16/25 MP: 4/4
  1775 | D:2      | Reached skill level 6 in Bows
  2020 | D:2      | Reached skill level 1 in Armour
  2147 | D:2      | Found a snail-covered altar of Cheibriados.
  2150 | D:2      | Found a sparkling altar of Nemelex Xobeh.
  2153 | D:2      | Found a white marble altar of Elyvilon.
  2164 | D:2      | Reached XP level 4. HP: 21/30 MP: 5/5
  2347 | D:2      | Found a shimmering altar of Xom.
  2902 | D:3      | Reached XP level 5. HP: 26/36 MP: 6/6
  3131 | D:3      | Found a faded altar of an unknown god.
  3131 | D:3      | Noticed Natasha
  3140 | D:3      | Killed Natasha
  3649 | D:3      | Noticed Natasha
  3669 | D:3      | Killed Natasha
  3669 | D:3      | Reached skill level 1 in Long Blades
  3669 | D:3      | Reached skill level 7 in Bows
  3914 | D:3      | Noticed Natasha
  3941 | D:3      | Killed Natasha
  4508 | D:3      | Reached XP level 6. HP: 42/42 MP: 7/7
  4759 | D:4      | Found Widd's General Store.
  4903 | D:4      | Noticed Blork the orc
  4919 | D:4      | Killed Blork the orc
  5829 | D:4      | Noticed Edmund
  6369 | D:5      | Entered Level 5 of the Dungeon
  6369 | D:5      | Noticed Eustachio
  6531 | D:5      | Reached XP level 7. HP: 43/46 MP: 8/8
  6586 | D:5      | HP: 1/46 [something (6)]
  6915 | D:5      | Got a shimmering falchion
  6916 | D:5      | Identified the +3 falchion of Modesty {holy, +Rage rF- rN+ Str+4} (You found it on level 5 of the Dungeon)
  6956 | D:5      | Slain by a sky beast

Skill      XL: |  1  2  3  4  5  6 |
---------------+-------------------+-----
Bows           | 6 7 |  7.7
Armour         | 1 2 |  2.1
Dodging        | 3 4 |  4.2
Fighting       | 3 |  3.5
Long Blades    | 2 3 |  3.4
Stealth        | |  1.1

Action                   |  1- 3 |  4- 6 |  7- 9 || total
-------------------------+-------+-------+-------++-------
Melee: Short sword       |    96 |    38 |       ||   134
       Falchion          |       |   255 |    47 ||   302
 Fire: Shortbow          |    50 |    49 |     7 ||   106
Throw: Javelin           |     6 |       |       ||     6
  Use: Potion            |     2 |     4 |     1 ||     7
       Scroll            |       |     9 |     2 ||    11
 Stab: Sleeping          |       |     2 |       ||     2
  Eat: Chunk             |     4 |    14 |     1 ||    19
Armor: Leather armour    |     2 |       |       ||     2
       Ring mail         |    23 |   131 |    34 ||   188
       Skin              |       |     2 |       ||     2
Dodge: Dodged            |    74 |   226 |    24 ||   324
       Rpst.: Falchion   |       |    65 |     6 ||    71
